| TOP OF THE 1ST |
|
Montreal Expos batting - Pitching for Toronto Blue Jays : RHP Jeff D. Robinson
|
|
Pitching: RHP Jeff D. Robinson
|
|
|
Batting: LHB Hal Morris
|
0-0: SINGLE (Line Drive, 78S, EV 105.0 MPH)
|
|
Batting: SHB Gregg Jefferies
|
0-0: Called Strike 0-1: Ball 1-1: Swinging Strike 1-2: Strikes out swinging
|
|
Batting: RHB Matt Williams
|
0-0: Ball Hal Morris steals 2nd base 1-0: Ball 2-0: Called Strike 2-1: Ball 3-1: Called Strike 3-2: Base on Balls
|
|
Batting: RHB Jeff Kent
|
0-0: Ball 1-0: Foul Ball, location: 2F 1-1: Ball 2-1: Foul Ball, location: 2F 2-2: SINGLE (Groundball, 4MD, EV 108.8 MPH) Hal Morris to third Matt Williams to second Runner from 3rd tries for Home, SAFE, throw by CF to trailing runner, OUT at third! 8-5
|
|
Batting: RHB Raul Mondesi
|
0-0: Swinging Strike 0-1: Ball 1-1: Ball 2-1: Foul Ball, location: 2F 2-2: Foul Ball, location: 2F 2-2: Ground out 5-3 (Groundball, 56S, EV 80.6 MPH)
|
| Top of the 1st over - 1 run, 2 hits, 0 errors, 1 left on base; Montreal 1 - Toronto 0 |
| BOTTOM OF THE 1ST |
|
Toronto Blue Jays batting - Pitching for Montreal Expos : LHP Mark Guthrie
|
|
Pitching: LHP Mark Guthrie
|
|
|
Batting: LHB Will Clark
|
0-0: Swinging Strike 0-1: Ball 1-1: Swinging Strike 1-2: Ball 2-2: Ball 3-2: Foul Ball, location: 2F 3-2: Strikes out swinging
|
|
Batting: RHB Jay Bell
|
0-0: Ball 1-0: Called Strike 1-1: Ball 2-1: Swinging Strike 2-2: Ball 3-2: Base on Balls
|
|
Batting: RHB Mark McGwire
|
0-0: Ball 1-0: Fly out, F7 (Line Drive, 7, EV 86.9 MPH)
|
|
Batting: RHB Ellis Burks
|
0-0: Ball 1-0: Ball 2-0: SINGLE (Flyball, 89S, EV 91.9 MPH) Jay Bell to second Runner from 2nd tries for 3rd, SAFE, no throw by RF
|
|
Batting: RHB Dante Bichette
|
0-0: Fielders Choice at 2nd, U4 (Groundball, 4M, EV 78.1 MPH)
|
| Bottom of the 1st over - 0 runs, 1 hit, 0 errors, 2 left on base; Montreal 1 - Toronto 0 |
| TOP OF THE 2ND |
|
Montreal Expos batting - Pitching for Toronto Blue Jays : RHP Jeff D. Robinson
|
|
Batting: RHB Mike Sweeney
|
0-0: Foul Ball, location: 2F 0-1: Foul Ball, location: 2F 0-2: Ball 1-2: Foul Ball, location: 2F 1-2: Ball 2-2: Ground out 6-3 (Groundball, 6M, EV 86.9 MPH)
|
|
Batting: SHB Carlos Baerga
|
0-0: Called Strike 0-1: Fly out, F9 (Flyball, 9D, EV 102.5 MPH)
|
|
Batting: LHB Marvin Benard
|
0-0: Ball 1-0: Called Strike 1-1: DOUBLE (Line Drive, 5D, EV 105.6 MPH)
|
|
Batting: RHB Jose Hernandez
|
0-0: Ball 1-0: Called Strike 1-1: Foul Ball, location: 2F 1-2: DOUBLE (Line Drive, 7LM, EV 99.4 MPH) Marvin Benard scores
|
|
Batting: LHB Hal Morris
|
0-0: Ball 1-0: Swinging Strike 1-1: Ground out 4-3 (Groundball, 4S, EV 72.5 MPH)
|
| Top of the 2nd over - 1 run, 2 hits, 0 errors, 1 left on base; Montreal 2 - Toronto 0 |
| BOTTOM OF THE 2ND |
|
Toronto Blue Jays batting - Pitching for Montreal Expos : LHP Mark Guthrie
|
|
Batting: RHB Dean Palmer
|
0-0: Ball 1-0: Ground out 1-3 (Groundball, 13, EV 65.0 MPH)
|
|
Batting: RHB George Arias
|
0-0: Ball 1-0: Ball 2-0: Called Strike 2-1: Called Strike 2-2: Strikes out looking
|
|
Batting: RHB Joe Oliver
|
0-0: Foul Ball, location: 2F 0-1: Foul Ball, location: 2F 0-2: Ball 1-2: Strikes out swinging
|
| Bottom of the 2nd over - 0 runs, 0 hits, 0 errors, 0 left on base; Montreal 2 - Toronto 0 |
| TOP OF THE 3RD |
|
Montreal Expos batting - Pitching for Toronto Blue Jays : RHP Jeff D. Robinson
|
|
Batting: SHB Gregg Jefferies
|
0-0: Ball 1-0: Swinging Strike 1-1: SINGLE (Groundball, 34D, EV 108.1 MPH)
|
|
Batting: RHB Matt Williams
|
0-0: Ball 1-0: Bunt - Flyout to 13S! F1
|
|
Batting: RHB Jeff Kent
|
0-0: Called Strike 0-1: Ball 1-1: Called Strike 1-2: Ball 2-2: Fielders Choice at 2nd, 5-4 (Groundball, 56, EV 87.5 MPH)
|
|
Now at 2B: Derek Jeter
|
|
|
Batting: RHB Raul Mondesi
|
0-0: Ball 1-0: Swinging Strike 1-1: 2-RUN HOME RUN (Flyball, 7D, EV 99.4 MPH), Distance : 379 ft
|
|
Batting: RHB Mike Sweeney
|
0-0: Ball 1-0: Called Strike 1-1: Called Strike 1-2: Strikes out swinging
|
| Top of the 3rd over - 2 runs, 2 hits, 0 errors, 0 left on base; Montreal 4 - Toronto 0 |
| BOTTOM OF THE 3RD |
|
Toronto Blue Jays batting - Pitching for Montreal Expos : LHP Mark Guthrie
|
|
Batting: RHB Darrin Jackson
|
0-0: Foul Ball, location: 2F 0-1: SINGLE (Groundball, 6M, EV 103.8 MPH)
|
|
Batting: LHB Will Clark
|
0-0: Ball 1-0: Ball 2-0: Bunt missed! 2-1: Bunt - Flyout to 2R - DP at third! 2-3
|
|
Batting: RHB Jay Bell
|
0-0: Swinging Strike 0-1: Foul Ball, location: 2F 0-2: Ball 1-2: Ball 2-2: Ball 3-2: Fly out, F8 (Flyball, 8LXD, EV 88.1 MPH)
|
| Bottom of the 3rd over - 0 runs, 1 hit, 0 errors, 0 left on base; Montreal 4 - Toronto 0 |
| TOP OF THE 4TH |
|
Montreal Expos batting - Pitching for Toronto Blue Jays : RHP Jeff D. Robinson
|
|
Batting: SHB Carlos Baerga
|
0-0: SINGLE (Groundball, 4MD, EV 105.6 MPH)
|
|
Batting: LHB Marvin Benard
|
0-0: Ball 1-0: Called Strike 1-1: DOUBLE (Line Drive, 7LM, EV 94.4 MPH) Carlos Baerga to third
|
|
Batting: RHB Jose Hernandez
|
0-0: Ball 1-0: Called Strike 1-1: Swinging Strike 1-2: Ball 2-2: Ground out 5-3 (Groundball, 56, EV 86.3 MPH) Carlos Baerga scores
|
|
Batting: LHB Hal Morris
|
0-0: Called Strike 0-1: 2-RUN HOME RUN (Flyball, 7D, EV 106.9 MPH), Distance : 376 ft
|
|
Pitching: RHP Jim Corsi
|
|
|
Batting: SHB Gregg Jefferies
|
0-0: Ball 1-0: Foul Ball, location: 2F 1-1: Foul Ball, location: 2F 1-2: Ball 2-2: DOUBLE (Flyball, 8LXD, EV 94.4 MPH)
|
|
Batting: RHB Matt Williams
|
0-0: Ball 1-0: Called Strike 1-1: TRIPLE (Flyball, 78XD, EV 110.0 MPH) Gregg Jefferies scores
|
|
Batting: RHB Jeff Kent
|
0-0: Ball 1-0: Ball 2-0: Called Strike 2-1: Called Strike 2-2: Fly out, F9 (Flyball, 89S, EV 82.5 MPH)
|
|
Batting: RHB Raul Mondesi
|
0-0: Called Strike 0-1: Called Strike 0-2: Strikes out looking
|
| Top of the 4th over - 4 runs, 5 hits, 0 errors, 1 left on base; Montreal 8 - Toronto 0 |
| BOTTOM OF THE 4TH |
|
Toronto Blue Jays batting - Pitching for Montreal Expos : LHP Mark Guthrie
|
|
Batting: RHB Mark McGwire
|
0-0: Fly out, F7 (Flyball, 7LDF, EV 103.1 MPH)
|
|
Batting: RHB Ellis Burks
|
0-0: Swinging Strike 0-1: Foul Ball, location: 2F 0-2: Fly out, F9 (Flyball, 9LM, EV 100.6 MPH)
|
|
Batting: RHB Dante Bichette
|
0-0: Ball 1-0: Ball 2-0: Foul Ball, location: 2F 2-1: Ball 3-1: Foul Ball, location: 2F 3-2: Fly out, F8 (Flyball, 78D, EV 88.8 MPH)
|
| Bottom of the 4th over - 0 runs, 0 hits, 0 errors, 0 left on base; Montreal 8 - Toronto 0 |
| TOP OF THE 5TH |
|
Montreal Expos batting - Pitching for Toronto Blue Jays : RHP Jim Corsi
|
|
Batting: RHB Mike Sweeney
|
0-0: Foul Ball, location: 2F 0-1: Called Strike 0-2: Ball 1-2: Ball 2-2: Ball 3-2: Foul Ball, location: 2F 3-2: Strikes out swinging
|
|
Batting: SHB Carlos Baerga
|
0-0: Ball 1-0: Called Strike 1-1: Ball 2-1: Ground out 6-3 (Groundball, 6, EV 105.0 MPH)
|
|
Batting: LHB Marvin Benard
|
0-0: Ball 1-0: Called Strike 1-1: SINGLE (Groundball, 34D, EV 95.0 MPH)
|
|
Batting: RHB Jose Hernandez
|
0-0: Ball Marvin Benard steals 2nd base (no throw) 1-0: Swinging Strike 1-1: Ball 2-1: Fly out, F9 (Flyball, 9D, EV 87.5 MPH)
|
| Top of the 5th over - 0 runs, 1 hit, 0 errors, 1 left on base; Montreal 8 - Toronto 0 |
| BOTTOM OF THE 5TH |
|
Toronto Blue Jays batting - Pitching for Montreal Expos : LHP Mark Guthrie
|
|
Batting: RHB Dean Palmer
|
0-0: Called Strike 0-1: Ball 1-1: Swinging Strike 1-2: Ball 2-2: Strikes out swinging
|
|
Batting: RHB Derek Jeter
|
0-0: Foul Ball, location: 2F 0-1: SINGLE (Groundball, 6MD, EV 105.6 MPH)
|
|
Batting: RHB Joe Oliver
|
0-0: Called Strike 0-1: Ball 1-1: Grounds into double play, 5-4-3 (Groundball, 5, EV 81.9 MPH)
|
| Bottom of the 5th over - 0 runs, 1 hit, 0 errors, 0 left on base; Montreal 8 - Toronto 0 |
| TOP OF THE 6TH |
|
Montreal Expos batting - Pitching for Toronto Blue Jays : RHP Jim Corsi
|
|
Batting: LHB Hal Morris
|
0-0: Ball 1-0: Ball 2-0: Fly out, F9 (Flyball, 89S, EV 89.4 MPH)
|
|
Batting: SHB Gregg Jefferies
|
0-0: Ball 1-0: Foul Ball, location: 2F 1-1: Swinging Strike 1-2: Foul Ball, location: 2F 1-2: Ball 2-2: Foul Ball, location: 2F 2-2: Ball 3-2: Ground out 4-3 (Groundball, 4M, EV 96.3 MPH)
|
|
Batting: RHB Matt Williams
|
0-0: Fly out, F6 (Popup, 6M, EV 62.5 MPH)
|
| Top of the 6th over - 0 runs, 0 hits, 0 errors, 0 left on base; Montreal 8 - Toronto 0 |
| BOTTOM OF THE 6TH |
|
Toronto Blue Jays batting - Pitching for Montreal Expos : LHP Mark Guthrie
|
|
Batting: RHB Darrin Jackson
|
0-0: Ball 1-0: Called Strike 1-1: Ball 2-1: Ball 3-1: Swinging Strike 3-2: Ground out 6-3 (Groundball, 6, EV 76.9 MPH)
|
|
Batting: LHB Will Clark
|
0-0: Ball 1-0: Called Strike 1-1: Called Strike 1-2: Ball 2-2: Ball 3-2: Foul Ball, location: 2F 3-2: Fly out, F8 (Flyball, 8LM, EV 81.3 MPH)
|
|
Batting: RHB Jay Bell
|
0-0: Called Strike 0-1: Ground out 6-3 (Groundball, 56, EV 100.6 MPH)
|
| Bottom of the 6th over - 0 runs, 0 hits, 0 errors, 0 left on base; Montreal 8 - Toronto 0 |
| TOP OF THE 7TH |
|
Montreal Expos batting - Pitching for Toronto Blue Jays : RHP Jim Corsi
|
|
Pinch Hitting: RHB Jeff King
|
0-0: Ground out 4-3 (Groundball, 4, EV 90.6 MPH)
|
|
Batting: RHB Raul Mondesi
|
0-0: Ball 1-0: Swinging Strike 1-1: Ball 2-1: Swinging Strike 2-2: Strikes out looking
|
|
Batting: RHB Mike Sweeney
|
0-0: Ball 1-0: Called Strike 1-1: Swinging Strike 1-2: Ground out 6-3 (Groundball, 6, EV 87.5 MPH)
|
| Top of the 7th over - 0 runs, 0 hits, 0 errors, 0 left on base; Montreal 8 - Toronto 0 |
| BOTTOM OF THE 7TH |
|
Toronto Blue Jays batting - Pitching for Montreal Expos : LHP Mark Guthrie
|
|
Now at 1B: Jeff King
|
|
|
Batting: RHB Mark McGwire
|
0-0: Called Strike 0-1: Foul Ball, location: 2F 0-2: Ball 1-2: Foul Ball, location: 2F 1-2: Foul Ball, location: 2F 1-2: Foul Ball, location: 2F 1-2: Foul Ball, location: 2F 1-2: Foul Ball, location: 2F 1-2: Ball 2-2: Fly out, F6 (Line Drive, 6, EV 76.9 MPH)
|
|
Batting: RHB Ellis Burks
|
0-0: Foul Ball, location: 2F 0-1: Ball 1-1: DOUBLE (Line Drive, 8LXD, EV 101.9 MPH)
|
|
Batting: RHB Dante Bichette
|
0-0: Ball 1-0: Fly out, F7 (Flyball, 78S, EV 90.6 MPH)
|
|
Batting: RHB Dean Palmer
|
0-0: Foul Ball, location: 2F 0-1: Ball 1-1: Ball 2-1: Called Strike 2-2: Strikes out swinging
|
| Bottom of the 7th over - 0 runs, 1 hit, 0 errors, 1 left on base; Montreal 8 - Toronto 0 |
| TOP OF THE 8TH |
|
Montreal Expos batting - Pitching for Toronto Blue Jays : RHP Jim Corsi
|
|
Pitching: RHP Curt Brown
|
|
|
Batting: SHB Carlos Baerga
|
0-0: Ball 1-0: Ball 2-0: SINGLE (Groundball, 3D, EV 99.4 MPH)
|
|
Pinch Hitting: RHB Brian R. Hunter
|
0-0: Ball 1-0: Ball 2-0: Called Strike 2-1: Reached on error, E5 (Groundball, 56, EV 104.4 MPH) Carlos Baerga to second
|
|
Batting: RHB Jose Hernandez
|
0-0: Grounds into double play, 1-6-3 (Groundball, 34S, EV 81.3 MPH) Carlos Baerga to third
|
|
Batting: LHB Hal Morris
|
0-0: Ball 1-0: Ground out 4-3 (Groundball, 4M, EV 81.9 MPH)
|
| Top of the 8th over - 0 runs, 1 hit, 1 error, 1 left on base; Montreal 8 - Toronto 0 |
| BOTTOM OF THE 8TH |
|
Toronto Blue Jays batting - Pitching for Montreal Expos : LHP Mark Guthrie
|
|
Now in CF: Brian R. Hunter
|
|
|
Batting: RHB Derek Jeter
|
0-0: Foul Ball, location: 2F 0-1: Foul Ball, location: 2F 0-2: Ball 1-2: Fly out, F9 (Flyball, 89S, EV 90.6 MPH)
|
|
Batting: RHB Joe Oliver
|
0-0: SINGLE (Groundball, 4D, EV 94.4 MPH)
|
|
Batting: RHB Darrin Jackson
|
0-0: Fly out, F3 (Popup, 3SF, EV 85.6 MPH)
|
|
Batting: LHB Will Clark
|
0-0: Foul Ball, location: 2F 0-1: Foul Ball, location: 2F 0-2: Strikes out swinging
|
| Bottom of the 8th over - 0 runs, 1 hit, 0 errors, 1 left on base; Montreal 8 - Toronto 0 |
| TOP OF THE 9TH |
|
Montreal Expos batting - Pitching for Toronto Blue Jays : RHP Curt Brown
|
|
Batting: SHB Gregg Jefferies
|
0-0: Ball 1-0: SINGLE (Line Drive, 8RS, EV 101.9 MPH)
|
|
Batting: RHB Matt Williams
|
0-0: Ball Gregg Jefferies steals 2nd base 1-0: Foul Ball, location: 2F 1-1: Ball 2-1: Foul Ball, location: 2F 2-2: Ball Wild Pitch! Gregg Jefferies to third 3-2: Fly out, F7 (Flyball, 7, EV 90.0 MPH) Runner from 3rd tags up, SCORES, throw by LF
|
|
Batting: RHB Jeff King
|
0-0: Ball 1-0: Called Strike 1-1: Ball 2-1: SOLO HOME RUN (Line Drive, 7D, EV 103.8 MPH), Distance : 382 ft
|
|
Batting: RHB Raul Mondesi
|
0-0: Ball 1-0: Ball 2-0: Ball 3-0: Called Strike 3-1: Fly out, F8 (Flyball, 8LD, EV 94.4 MPH)
|
|
Batting: RHB Mike Sweeney
|
0-0: Ball 1-0: Called Strike 1-1: Called Strike 1-2: Foul Ball, location: 2F 1-2: Ball 2-2: SINGLE (Line Drive, 8RS, EV 95.6 MPH)
|
|
Batting: SHB Carlos Baerga
|
0-0: Foul Ball, location: 2F 0-1: Foul Ball, location: 2F 0-2: DOUBLE (Flyball, 9LD, EV 95.6 MPH) Mike Sweeney to third
|
|
Batting: RHB Brian R. Hunter
|
0-0: Ground out 1-3 (Groundball, 34S, EV 88.1 MPH)
|
| Top of the 9th over - 2 runs, 4 hits, 0 errors, 2 left on base; Montreal 10 - Toronto 0 |
| BOTTOM OF THE 9TH |
|
Toronto Blue Jays batting - Pitching for Montreal Expos : LHP Mark Guthrie
|
|
Batting: RHB Jay Bell
|
0-0: Foul Ball, location: 2F 0-1: Ground out 5-3 (Groundball, 5S, EV 83.8 MPH)
|
|
Batting: RHB Mark McGwire
|
0-0: Swinging Strike 0-1: Foul Ball, location: 2F 0-2: Foul Ball, location: 2F 0-2: Foul Ball, location: 2F 0-2: Ball 1-2: Foul Ball, location: 2F 1-2: Ball 2-2: Ball 3-2: SINGLE (Line Drive, 78M, EV 87.5 MPH)
|
|
Batting: RHB Ellis Burks
|
0-0: Ball 1-0: Ball 2-0: Called Strike 2-1: Swinging Strike 2-2: Foul Ball, location: 2F 2-2: Foul Ball, location: 2F 2-2: Strikes out swinging
|
|
Batting: RHB Dante Bichette
|
0-0: Ball 1-0: Foul Ball, location: 2F 1-1: Ball 2-1: Swinging Strike 2-2: Ball 3-2: Base on Balls Mark McGwire to second
|
|
Batting: RHB Dean Palmer
|
0-0: Foul Ball, location: 2F 0-1: Fly out, F9 (Flyball, 89D, EV 95.6 MPH)
|
| Bottom of the 9th over - 0 runs, 1 hit, 0 errors, 2 left on base; Montreal 10 - Toronto 0 |
|